 Dungeon Crawl Stone Soup version 0.19-a0-1216-g363869b (webtiles) character file.

2340 mrath the Digger (level 9, -5/52 HPs)
             Began as a Gargoyle Earth Elementalist on Aug 22, 2016.
             Was an Initiate of Vehumet.
             Killed from afar by a gargoyle (21 damage)
             ... with a stone arrow
             ... on level 7 of the Dungeon on Aug 23, 2016.
             The game lasted 01:18:16 (11629 turns).

mrath the Digger (Gargoyle Earth Elementalist)     Turns: 11629, Time: 01:18:16

Health: -5/52      AC: 13    Str: 13    XL:     9   Next: 43%
Magic:  3/19       EV: 13    Int: 18    God:    Vehumet [......]
Gold:   273        SH:  0    Dex: 10    Spells: 3 memorised, 12 levels left

rFire  . . .     SeeInvis .     W - +2 whip (elec)
rCold  . . .     Gourm    .     c - +1 robe
rNeg   + . .     Faith    .     (no shield)
rPois  ∞         Spirit   .     I - +1 helmet
rElec  +         Dismiss  .     (no cloak)
rCorr  .         Reflect  .     Q - +0 pair of gloves
MR     +....     Harm     .     N - +0 pair of boots of the Imp {MR+}
Stlth  ++........               (no amulet)
                                (no ring)
                                (no ring)

@: no status effects
A: negative energy resistance 1, electricity resistance, unbreathing,
petrification resistance, rot immunity, AC +5
a: Renounce Religion


You were on level 7 of the Dungeon.
You worshipped Vehumet.
Vehumet was noncommittal.
You were not hungry.

You visited 2 branches of the dungeon, and saw 8 of its levels.

You collected 273 gold pieces.

Inventory:

Hand Weapons
 j - a +0 short sword
 q - a +0 morningstar
 w - a +1 hunting sling of freezing
 B - a +0 flail
 F - a +2 dagger of venom
 G - a +0 blowgun
 S - a +0 vampiric short sword
 V - a +2 spear of venom
 W - a +2 whip of electrocution (weapon)
 Y - a +2 flail
Missiles
 b - 144 stones
 y - 23 tomahawks (quivered)
 H - 15 poisoned needles
Armour
 c - a +1 robe (worn)
 I - a +1 helmet (worn)
 N - the +0 pair of boots of the Imp (worn) {MR+}
   (You found it on level 5 of the Dungeon)

   It affects your resistance to hostile enchantments.
 Q - a +0 pair of gloves (worn)
Rods
 n - a +0 rod of ignition (11/11)
   (You found it on level 7 of the Dungeon)
Jewellery
 m - an uncursed ring of flight {unknown}
 t - an uncursed amulet of rage
 v - a +4 ring of intelligence {unknown}
Wands
 s - a wand of flame (14/48)
 R - a wand of paralysis (13/24)
 X - a wand of enslavement (14/24)
Scrolls
 u - 2 scrolls of random uselessness {unknown}
 C - a scroll of recharging {unknown}
 J - 2 scrolls of amnesia {unknown}
 K - a scroll of magic mapping
 L - a scroll of identify
 O - a scroll of fear
 P - a scroll of teleportation {unknown}
 T - a scroll of blinking {unknown}
Potions
 f - 4 potions of lignification
 g - a potion of degeneration {unknown}
 h - 3 potions of mutation {unknown}
 i - a potion of resistance {unknown}
 k - a potion of flight {unknown}
 l - 2 potions of agility {unknown}
 p - a potion of brilliance {unknown}
 A - a potion of heal wounds {unknown}
 D - 2 potions of might {unknown}
 E - 3 potions of curing {unknown}
 M - a potion of cancellation {unknown}
 U - a potion of berserk rage {unknown}
Books
 e - a book of Geomancy

   Spells                             Type                      Level
   a - Sandblast                      Earth                        1
   b - Passwall                       Transmutation/Earth          2
   c - Stone Arrow                    Conjuration/Earth            3
   d - Petrify                        Transmutation/Earth          4
   e - Lee's Rapid Deconstruction     Earth                        5
Comestibles
 a - a chunk of flesh
 d - 5 bread rations
 o - 2 royal jellies
 r - a slice of pizza
 z - 3 fruits


   Skills:
 + Level 3.8 Fighting
 + Level 3.4 Armour
 + Level 3.2 Dodging
 - Level 2.1 Stealth
 * Level 6.9 Spellcasting
 + Level 5.3 Conjurations
   Level 0.7 Transmutations
 + Level 7.6 Earth Magic
 + Level 1.5 Evocations


You had 12 spell levels left.
You knew the following spells:

 Your Spells              Type           Power        Failure   Level  Hunger
a - Sandblast             Erth           ####..       1%          1    None
b - Stone Arrow           Conj/Erth      ####..       2%          3    ##.....
c - Lee's Rapid Deconstr  Erth           ####......   17%         5    #####..


Dungeon Overview and Level Annotations

Branches:
Dungeon (7/15)             Temple (1/1) D:7

Altars:
Ashenzari
Cheibriados
Dithmenos
Elyvilon
Fedhas
Gozag
Hepliaklqana
Kikubaaqudgha
Makhleb
Nemelex Xobeh
Okawaru
Qazlal
Ru
Sif Muna
Trog
Uskayaw
Vehumet
Xom
Yredelemnul
Zin
The Shining One

Shops:
D:6 [

Annotations:
D:4 Ijustatesigmund's ghost, novice OpCj
D:5 Dirtsage's ghost, novice GrFi
D:6 Multipenetrator's ghost, novice FoFi


Innate Abilities, Weirdness & Mutations

You are resistant to torment.
Your stone body is resilient. (AC +5)
You are immune to poison.
You resist negative energy. (rN+)
You are resistant to electric shocks. (rElec)
You can survive without breathing.
You are immune to petrification.
You are immune to rotting.


Message History

The stone arrow hits you!
Casting: Stone Arrow
Confirm with . or Enter, or press ? or * to list all spells.
Aiming: Lee's Rapid Deconstruction
Press: ? - help, Dir - move target cursor, f/p - gargoyle Fragment what (e.g. wall or brittle monster)?: a gargoyle, wielding a dire flail of holy wrath The gargoyle shatters!
The gargoyle is severely damaged.
The gargoyle hurls a stone arrow at you.
The stone arrow hits you!
Casting: Lee's Rapid Deconstruction
Confirm with . or Enter, or press ? or * to list all spells.
You don't have enough magic to cast that spell.
Unknown command.
Casting: Lee's Rapid Deconstruction
Confirm with . or Enter, or press ? or * to list all spells.
You don't know that spell.
The gargoyle hurls a stone arrow at you.
The stone arrow hits you!
You die...

..#####.# #.# #.#............#
.o...##.#####.# #.#............#
..............# #.#............#
##o#.##.####### #..............#
##.o.##.#####.########....#######
...........<.......# #....#
###..##.##########.# #....#
##.##.##..)......# #....#
#..#.#.......@### #....#
#..#.#........# #.>..#
#..#.#......9.# #....#
####....'........# #....#######
.....#..#........#####...........
........'........'...'...........
........#........#####..........)
###..##>#........# #....####'##
.##..##.#........# #....# #.#


You could see a gargoyle.

Vanquished Creatures
  Sigmund (D:5)
  Eustachio (D:5)
  An ice beast (D:6)
  A sky beast (D:4)
  2 phantoms
  An ogre (D:5)
  A centaur (D:7)
  3 giant frogs
  4 scorpions
  4 wights (D:7)
  3 crimson imps
  2 jellies
  A centaur zombie (D:7)
  A giant frog zombie (D:5)
  4 hounds
  2 orc wizards
  2 orc priests (D:7)
  A centaur skeleton (D:7)
  An iguana (D:5)
  4 worker ants
  2 killer bee zombies (D:7)
  2 worker ant zombies
  Robin (D:4)
  7 gnolls
  5 adders
  2 shadow imps (D:6)
  An ooze (D:7)
  An adder zombie (D:7)
  3 worms
  A dart slug (D:2)
  2 giant geckos
  30 orcs
  10 giant cockroaches
  18 goblins
  11 hobgoblins
  2 jackals (D:1)
  7 kobolds
  4 quokkas
  3 ball pythons
  8 bats
  7 giant newts
  A quokka zombie (D:5)
  3 rats
171 creatures vanquished.

Notes
Turn   | Place    | Note
-------+----------+-------------------------------------------
     0 | D:1      | mrath the Gargoyle Earth Elementalist began the quest for the Orb.
     0 | D:1      | Reached XP level 1. HP: 10/10 MP: 3/3
   469 | D:1      | Reached XP level 2. HP: 15/15 MP: 2/5
  1171 | D:1      | Reached skill level 4 in Earth Magic
  1442 | D:1      | Reached XP level 3. HP: 18/19 MP: 4/7
  2060 | D:2      | Learned a level 3 spell: Stone Arrow
  2414 | D:3      | Reached XP level 4. HP: 24/24 MP: 5/8
  2536 | D:3      | Found a faded altar of an unknown god.
  2641 | D:3      | Reached skill level 1 in Conjurations
  3037 | D:3      | Reached skill level 5 in Earth Magic
  3037 | D:3      | Reached XP level 5. HP: 25/28 MP: 2/10
  3823 | D:4      | Noticed Ijustatesigmund's ghost (novice OpCj)
  3906 | D:3      | Reached XP level 6. HP: 32/32 MP: 2/12
  4148 | D:4      | Noticed Robin
  4704 | D:5      | Entered Level 5 of the Dungeon
  4706 | D:5      | Noticed Eustachio
  4812 | D:5      | Noticed Sigmund
  5050 | D:4      | Killed Robin
  5337 | D:5      | Noticed a phantom
  5535 | D:5      | Reached skill level 6 in Earth Magic
  5705 | D:5      | Killed Eustachio
  5705 | D:5      | Reached skill level 5 in Spellcasting
  5705 | D:5      | Reached XP level 7. HP: 17/36 MP: 0/14
  5879 | D:5      | Noticed Dirtsage's ghost (novice GrFi)
  6420 | D:4      | Reached skill level 1 in Fighting
  6420 | D:4      | Reached skill level 1 in Armour
  6521 | D:5      | Killed Sigmund
  6521 | D:5      | Reached XP level 8. HP: 27/44 MP: 3/16
  6982 | D:4      | Upgraded the game from 0.19-a0-1210-g5c1aa26 to 0.19-a0-1216-g363869b
  7882 | D:5      | Got a pair of faintly glowing boots
  7888 | D:5      | Identified the +0 pair of boots of the Imp {MR+} (You found it on level 5 of the Dungeon)
  8476 | D:6      | Noticed Multipenetrator's ghost (novice FoFi)
  9266 | D:6      | Reached skill level 7 in Earth Magic
  9364 | D:6      | Found Zueziph's Antique Armour Emporium.
  9393 | D:6      | Reached skill level 5 in Conjurations
  9519 | D:6      | Learned a level 5 spell: Lee's Rapid Deconstruction
  9715 | D:7      | Reached XP level 9. HP: 50/50 MP: 11/18
  9960 | D:7      | Identified a +0 rod of ignition (11/11) (You found it on level 7 of the Dungeon)
 10213 | D:7      | Noticed a gargoyle
 10503 | D:5      | Reached skill level 1 in Evocations
 10606 | D:7      | Found a staircase to the Ecumenical Temple.
 10618 | Temple   | Entered the Ecumenical Temple
 10631 | Temple   | Became a worshipper of Vehumet
 11629 | D:7      | Killed from afar by a gargoyle

Vault maps used:
D:1:      co_arrival_square_in_a_square_in_a_square
D:3:      ecumenical_altar_1
D:4:      first_bread, uniq_robin
D:5:      uniq_sigmund, uniq_eustachio
D:6:      serial_shops, shop_statue
Temple:   grunt_wide_crystal_templ

Skill      XL: |  1  2  3  4  5  6  7  8  9 |
---------------+----------------------------+-----
Earth Magic    | 4 5 6 7 |  7.6
Spellcasting   | 3 4 5 6 |  6.9
Conjurations   | 1 2 3 5 |  5.3
Fighting       | 1 3 |  3.8
Armour         | 1 2 3 |  3.4
Dodging        | 2 3 |  3.2
Evocations     | 1 |  1.5
Stealth        | |  2.1
Transmutations | |  0.7

Action                   |  1- 3 |  4- 6 |  7- 9 || total
-------------------------+-------+-------+-------++-------
Melee: Dagger            |    32 |       |       ||    32
       Short sword       |     7 |   132 |    44 ||   183
       Whip              |       |       |    48 ||    48
Throw: Tomahawk          |       |     6 |     3 ||     9
 Cast: Sandblast         |   102 |    60 |    33 ||   195
       Stone Arrow       |       |    49 |   139 ||   188
       Lee's Rapid Decon |       |       |     2 ||     2
  Use: Scroll            |       |     7 |     1 ||     8
 Stab: Distracted        |       |     1 |       ||     1
  Eat: Chunk             |     5 |    15 |    18 ||    38
       Beef jerky        |       |       |     2 ||     2
       Royal jelly       |       |       |     2 ||     2
Armor: Robe              |    49 |    76 |    94 ||   219
Dodge: Dodged            |    84 |   144 |   105 ||   333
